 Dungeon Crawl Stone Soup version 0.21.1-1-g345015fe64 (webtiles) character file.

137 Ivernyr the Charmwright (level 5, 40/40 HPs)
             Began as a Demonspawn Skald on May 1, 2018.
             Was an Initiate of Nemelex Xobeh.
             Quit the game on level 4 of the Dungeon.
             The game lasted 00:10:25 (4142 turns).

Ivernyr the Charmwright (Demonspawn Skald)          Turns: 4142, Time: 00:10:26

Health: 40/40      AC:  7    Str: 18    XL:     5   Next: 0%
Magic:  8/8        EV: 12    Int: 14    God:    Nemelex Xobeh [......]
Gold:   149        SH:  0    Dex: 13    Spells: 3/8 levels left

rFire    . . .     SeeInvis .   a - +0 falchion
rCold    . . .     Gourm    .   (no shield)
rNeg     . . .     Faith    .   b - +0 leather armour
rPois    .         Spirit   +   (no helmet)
rElec    .         Reflect  .   (no cloak)
rCorr    .         Harm     .   (no gloves)
MR       .....                  (no boots)
Stlth    ++........             (no amulet)
HPRegen  0.13/turn              q - ring of stealth
MPRegen  0.11/turn              i - +6 ring of strength

@: no status effects
A: iridescent scales 2, magic shield
a: Renounce Religion


You were on level 4 of the Dungeon.
You worshipped Nemelex Xobeh.
Nemelex Xobeh was noncommittal.
You were hungry.

You visited 2 branches of the dungeon, and saw 5 of its levels.

You collected 149 gold pieces.

Inventory:

Hand Weapons
 a - a +0 falchion (weapon)
Armour
 b - a +0 leather armour (worn)
Jewellery
 e - an uncursed ring of flight
 i - a +6 ring of strength (right hand)
 q - a ring of stealth (left hand)
Wands
 l - a wand of digging (8)
Scrolls
 g - a scroll of fear
 o - 2 scrolls of teleportation
Potions
 f - a potion of haste {unknown}
 h - a potion of ambrosia {unknown}
 j - a potion of cancellation {unknown}
 k - a potion of heal wounds {unknown}
 m - a potion of brilliance {unknown}
 n - 3 potions of curing {unknown}
 p - a potion of agility {unknown}
Books
 c - a book of Battle

   Spells                             Type                      Level
   a - Infusion                       Charms                       1
   b - Shroud of Golubria             Charms/Translocation         2
   c - Song of Slaying                Charms                       2
   d - Spectral Weapon                Hexes/Charms                 3
   e - Regeneration                   Charms/Necromancy            3
Comestibles
 d - 6 rations


   Skills:
 + Level 2.8 Fighting
 + Level 2.5 Long Blades
 * Level 2.8 Armour
 - Level 1.7 Dodging
 - Level 2.0 Spellcasting
 + Level 3.3 Charms


You had 3 spell levels left.
You knew the following spells:

 Your Spells              Type           Power        Failure   Level  Hunger
a - Shroud of Golubria    Chrm/Tloc      #.........   22%         2    ###....
b - Song of Slaying       Chrm           ##......     11%         2    ###....
c - Infusion              Chrm           ##..         7%          1    ##.....


Dungeon Overview and Level Annotations

Branches:
Dungeon (4/15)             Temple (1/1) D:4

Altars:
Ashenzari
Elyvilon
Fedhas
Hepliaklqana
Kikubaaqudgha
Makhleb
Nemelex Xobeh
Qazlal
Sif Muna
Trog
Uskayaw
Vehumet

Annotations:
D:3 tensugalgo's ghost, weakling DrMo


Innate Abilities, Weirdness & Mutations

You are mostly covered in iridescent scales. (AC +4)
When hurt, damage is shared between your health and your magic reserves.


Message History

The orc barely misses you.
You hit the orc but do no damage.
The orc is heavily wounded.
The orc closely misses you.
You hit the orc.
The orc is severely wounded.
The orc hits you but does no damage.
You hit the orc.
You kill the orc!
You have reached level 5!
Your demonic ancestry asserts itself...
You feel your magical essence form a protective shroud around your flesh.
Things that are here:
a hand axe; a scale mail There isn't anything to butcher here.
Okay, then.
Quiver which item? (- for none, * to show all) (? for menu, Esc to quit)
Okay, then.
Autopickup is now off.
Are you sure you want to abandon this character and quit the game? (Confirm with "yes".)

....... #(.... ## #..#.# .#
##.##.##.## ###.........###
#.............. #
#..⌠...⌠..#
....#....@....### ###
..........>......###..
.....#.........#......####♣
.... #..⌠...⌠..#.###.......
.................##........
.)..[#.........####........
.....##.##.##.#####....<...
... #..#.......#......#..
.. #. #....##.#.........


There were no monsters in sight!

Vanquished Creatures
  5 adders
  3 worms
  5 dart slugs
  3 leopard geckos
  4 orcs
  3 giant cockroaches (D:1)
  6 hobgoblins
  12 jackals
  6 kobolds
  A ball python (D:1)
  2 bats
  4 goblins
  13 rats
67 creatures vanquished.

Notes
Turn   | Place    | Note
-------+----------+-------------------------------------------
     0 | D:1      | Ivernyr the Demonspawn Skald began the quest for the Orb.
     0 | D:1      | Reached XP level 1. HP: 16/16 MP: 3/3
     9 | D:1      | Reached skill level 1 in Armour
   276 | D:1      | Gained mutation: You are partially covered in iridescent scales. (AC +2) [demonic ancestry]
   276 | D:1      | Reached XP level 2. HP: 20/22 MP: 5/5
  1015 | D:1      | Reached XP level 3. HP: 28/28 MP: 6/6
  1026 | D:1      | Learned a level 2 spell: Song of Slaying
  1029 | D:1      | Learned a level 2 spell: Shroud of Golubria
  1231 | D:1      | Reached skill level 3 in Charms
  1977 | D:2      | Found a faded altar of an unknown god.
  2291 | D:2      | Gained mutation: You are mostly covered in iridescent scales. (AC +4) [demonic ancestry]
  2291 | D:2      | Reached XP level 4. HP: 34/34 MP: 4/7
  2438 | D:2      | Found a hazy altar of Hepliaklqana.
  2440 | D:2      | Found a shattered altar of Ashenzari.
  2442 | D:2      | Found a deep blue altar of Sif Muna.
  3053 | D:3      | Noticed tensugalgo's ghost (weakling DrMo)
  4097 | D:4      | Found a staircase to the Ecumenical Temple.
  4114 | Temple   | Entered the Ecumenical Temple
  4125 | Temple   | Became a worshipper of Nemelex Xobeh the Trickster
  4140 | D:4      | Gained mutation: When hurt, damage is shared between your health and your magic reserves. [demonic ancestry]
  4140 | D:4      | Reached XP level 5. HP: 40/40 MP: 8/8
  4142 | D:4      | Quit the game

Skill      XL: |  1  2  3 |
---------------+----------+-----
Armour         | 1 2 |  2.8
Long Blades    | 2 |  2.5
Charms         | 3 |  3.3
Fighting       | |  2.8
Dodging        | |  1.7
Spellcasting   | |  2.0

Action                   |  1- 3 |  4- 6 || total
-------------------------+-------+-------++-------
Melee: Falchion          |   147 |   108 ||   255
 Cast: Shroud of Golubri |     4 |     8 ||    12
       Song of Slaying   |     1 |     1 ||     2
  Use: Scroll            |       |     4 ||     4
 Stab: Sleeping          |     1 |       ||     1
  Eat: Chunk             |     5 |     3 ||     8
       Ration            |       |     1 ||     1
Armor: Leather armour    |    51 |    48 ||    99
Dodge: Dodged            |   100 |    81 ||   181
       Rpst.: Falchion   |    29 |    23 ||    52
